 Dungeon Crawl Stone Soup version 0.26.0-11-g8f856b5395 (webtiles) character file.

Game seed: 5215314543126435664

530332 DildoBatman the Petrodigitator (level 27, -12/193 HPs)
             Began as a Formicid Conjurer on Jan 14, 2021.
             Was an Initiate of Gozag.
             Shot with a bolt by a yaktaur captain (27 damage)
             ... on level 5 of the Vaults on Jan 15, 2021.
             The game lasted 05:19:13 (60979 turns).

DildoBatman the Petrodigitator (Formicid Conjurer) Turns: 60979, Time: 05:19:13

Health: -12/193    AC: 32    Str: 12    XL:     27
Magic:  2/40       EV: 21    Int: 36    God:    Gozag
Gold:   4405       SH: 27    Dex: 29    Spells: 7/52 levels left

rFire    + . .     SeeInvis +   b - +8 arbalest "Cynojig" {vorpal, rF++ Int+2}
rCold    + + .     Faith    .   y - +8 tower shield {AC+3}
rNeg     + + +     Spirit   .   i - +7 troll leather armour of Fudghiw {rF- rN+++ Regen+ Int+3 Slay+3}
rPois    ∞         Reflect  .   (helmet unavailable)
rElec    +         Harm     .   B - +2 cloak
rCorr    .         Rampage  .   q - +0 pair of gloves "Lelabbibb" {rElec Will- Dex+8}
Will     ++...     Clarity  +   g - +2 pair of boots {Stlth+}
Stlth    ++++......             m - amulet of magic regeneration
HPRegen  0.82/turn              R - +6 ring of dexterity
MPRegen  0.52/turn              Q - +6 ring of dexterity

@: lich-form, gold aura
A: permanent stasis, dig shafts and tunnels, four strong arms, antennae 3,
molten scales 1, clarity, cold resistance 1, frail 1, electricity resistance, no
potion heal 1
}: 2/15 runes: serpentine, barnacled
a: Dig, Shaft Self, End Transformation, Renounce Religion, Potion Petition, Call
Merchant, Bribe Branch


You were on level 5 of the Vaults.
You worshipped Gozag.
Gozag was most pleased with you.
You were a lich.
You visited 10 branches of the dungeon, and saw 44 of its levels.
You also visited: Sewer, Gauntlet, Ice Cave and Volcano.

You collected 22314 gold pieces.
You spent 4812 gold pieces at shops.
You paid 13097 gold pieces to Gozag.

Inventory:

Hand Weapons
 a - the +1 whip of Tenacity {drain, *Noise Int+8 Dex+3 SInv}
   (You found it on level 3 of the Elven Halls)

   A truly terrible weapon, it drains the life of those it strikes.
   It affects your intelligence (+8).
   It affects your dexterity (+3).
   It lets you see invisible.
   It may make noises in combat.
 b - the +8 arbalest "Cynojig" (weapon) {vorpal, rF++ Int+2}
   (You found it on level 3 of the Elven Halls)

   Any bolt fired from it inflicts extra damage.
   It affects your intelligence (+2).
   It greatly protects you from fire.
 c - the +10 spear of Gehenna {vorpal, rElec rF- rC+ Dex+9}
   (You found it on level 3 of the Crypt)

   It inflicts extra damage upon your enemies.
   It affects your dexterity (+9).
   It makes you vulnerable to fire.
   It protects you from cold.
   It insulates you from electricity.
 e - the +6 long sword of Seihit {protect, +Inv Will+ Int-4 SInv}
   (You found it on level 3 of the Snake Pit)

   It grants its wielder temporary protection when it strikes (+7 to AC).
   It affects your intelligence (-4).
   It affects your willpower, your defense against some magical effects.
   It lets you see invisible.
   It lets you turn invisible.
 l - the +8 flail of Empirhee {pain, rF+ rC+ Str+3 Int+2}
   (You found it on level 3 of the Crypt)

   In the hands of one skilled in necromantic magic, it inflicts extra damage on
   living creatures.
   It affects your strength (+3).
   It affects your intelligence (+2).
   It protects you from fire.
   It protects you from cold.
Missiles
 E - 14 throwing nets
 F - 1603 arrows
 I - 50 silver javelins
 N - 1419 bolts (quivered ammo)
Armour
 g - a +2 pair of boots of stealth (worn)
 i - the +7 troll leather armour of Fudghiw (worn) {rF- rN+++ Regen+ Int+3 Slay+3}
   (You bought it in a shop on level 4 of the Lair of Beasts)

   It affects your intelligence (+3).
   It affects your accuracy and damage with ranged weapons and melee attacks
   (+3).
   It makes you vulnerable to fire.
   It renders you almost immune to negative energy.
   It increases your rate of regeneration.
 q - the +0 pair of gloves "Lelabbibb" (worn) {rElec Will- Dex+8}
   (You bought it in a shop on level 4 of the Lair of Beasts)

   It affects your dexterity (+8).
   It insulates you from electricity.
   It affects your willpower, your defense against some magical effects.
 y - a +8 tower shield of protection (worn)
 B - a +2 cloak (worn)
Jewellery
 j - the ring "Niahixi" {+Fly rF+ rCorr}
   (You took it off a mummy priest on level 1 of the Crypt)

   [ring of resist corrosion]

   It protects you from fire.
   It lets you fly.
   It provides partial protection from all sources of acid and corrosion.
 m - an amulet of magic regeneration (around neck)
 Q - a +6 ring of dexterity (right hand)
 R - a +6 ring of dexterity (left hand)
 W - a +6 ring of intelligence
Wands
 A - a wand of acid (16)
 Z - a wand of iceblast (49)
Scrolls
 k - a scroll of holy word
 p - 8 scrolls of fog
 r - 2 scrolls of torment
 x - 6 scrolls of remove curse
 z - 9 scrolls of identify
 C - 9 scrolls of magic mapping
 D - a scroll of summoning
 G - 2 scrolls of immolation
Potions
 h - 21 potions of curing
 n - 14 potions of ambrosia
 u - 5 potions of resistance
 v - 11 potions of brilliance
 H - 3 potions of might
 J - 4 potions of invisibility
 K - 8 potions of heal wounds
 S - 2 potions of cancellation
 V - 7 potions of magic
Miscellaneous
 s - a box of beasts
 w - a condenser vane
 L - a lightning rod (4/4)
 O - a phial of floods
 T - a tin of tremorstones (2/2)
 U - a phantom mirror


   Skills:
 - Level 17.2 Fighting
 - Level 4.0 Polearms
 - Level 12.0 Armour
 - Level 9.0 Dodging
 - Level 2.4 Stealth
 - Level 15.0 Shields
 - Level 13.0 Spellcasting
 - Level 6.0 Conjurations
 - Level 19.0 Necromancy
 - Level 19.0 Transmutations
 - Level 6.0 Ice Magic
 * Level 5.7 Air Magic
 O Level 27 Earth Magic


You had 7 spell levels left.
You knew the following spells:

 Your Spells              Type           Power        Failure   Level
a - Borgnjor's Vile Clut  Necr/Erth      68%          0%          5
b - Vampiric Draining     Necr           63%          0%          3
c - Dispel Undead         Necr           100%         0%          4
d - Necromutation         Tmut/Necr      63%          5%          8
e - Bolt of Magma         Conj/Fire/Erth 40%          1%          5
f - Statue Form           Tmut/Erth      74%          1%          6
g - Ozocubu's Armour      Ice            61%          1%          3
h - Tornado               Air            29%          100%        9
z - Sublimation of Blood  Necr           63%          0%          2

Your spell library contained the following spells:

 Spells                   Type           Power        Failure   Level
 Animate Skeleton         Necr           100%         0%          1
 Beastly Appendage        Tmut           100%         0%          1
 Pain                     Necr           100%         0%          1
 Passwall                 Tmut/Erth      93%          0%          2
 Wereblood                Tmut           100%         0%          2
 Stone Arrow              Conj/Erth      100%         0%          3
 Animate Dead             Necr           63%          0%          4
 Petrify                  Tmut/Erth      100%         0%          4
 Apportation              Tloc           46%          1%          1
 Corona                   Hex            25%          1%          1
 Foxfire                  Conj/Fire      100%         1%          1
 Freeze                   Ice            100%         1%          1
 Magic Dart               Conj           100%         1%          1
 Shock                    Conj/Air       100%         1%          1
 Sting                    Tmut/Pois      100%         1%          1
 Summon Small Mammal      Summ           92%          1%          1
 Corpse Rot               Necr/Air       N/A          1%          2
 Ensorcelled Hibernation  Hex/Ice        90%          1%          2
 Poisonous Vapours        Pois/Air       86%          1%          2
 Searing Ray              Conj           100%         1%          2
 Conjure Flame            Conj/Fire      45%          1%          3
 Dazzling Flash           Conj/Hex       90%          1%          3
 Frozen Ramparts          Ice            100%         1%          3
 Ignite Poison            Fire/Tmut/Pois 62%          1%          3
 Mephitic Cloud           Conj/Pois/Air  51%          1%          3
 Spider Form              Tmut/Pois      37%          1%          3
 Static Discharge         Conj/Air       60%          1%          3
 Airstrike                Air            29%          1%          4
 Hailstorm                Conj/Ice       61%          1%          4
 Ice Form                 Ice/Tmut       85%          1%          4
 Agony                    Necr           100%         1%          5
 Alistair's Intoxication  Tmut/Pois      50%          1%          5
 Blade Hands              Tmut           51%          1%          5
 Irradiate                Conj/Tmut      42%          1%          5
 Yara's Violent Unravell  Hex/Tmut       37%          1%          5
 Hydra Form               Tmut           51%          1%          6
 Simulacrum               Ice/Necr       53%          1%          6
 Dragon Form              Tmut           51%          1%          7
 Lightning Bolt           Conj/Air       30%          4%          5
 Confusing Touch          Hex            23%          6%          3
 Gell's Gravitas          Tloc           11%          6%          3
 Lesser Beckoning         Tloc           11%          6%          3
 Portal Projectile        Hex/Tloc       46%          6%          3
 Teleport Other           Tloc           23%          6%          3
 Tukima's Dance           Hex            23%          6%          3
 Fulminant Prism          Conj/Hex       22%          6%          4
 Iskenderun's Mystic Bla  Conj/Tloc      45%          6%          4
 Sticky Flame             Conj/Fire      45%          6%          4
 Summon Ice Beast         Ice/Summ       45%          6%          4
 Summon Lightning Spire   Summ/Air       43%          6%          4
 Eringya's Noxious Bog    Tmut/Pois      37%          6%          6
 Metabolic Englaciation   Hex/Ice        22%          16%         5
 Silence                  Hex/Air        21%          17%         5
 Olgreb's Toxic Radiance  Pois           23%          21%         4
 Passage of Golubria      Tloc           N/A          21%         4
 Ozocubu's Refrigeration  Ice            30%          26%         6
 Conjure Ball Lightning   Conj/Air       30%          28%         6
 Freezing Cloud           Conj/Ice/Air   30%          28%         6
 Haunt                    Necr/Summ      47%          34%         7
 Summon Forest            Summ/Tloc      11%          50%         5
 Dispersal                Tloc           11%          97%         6
 Invisibility             Hex            23%          97%         6
 Malign Gateway           Summ/Tloc      11%          100%        7
 Monstrous Menagerie      Summ           11%          100%        7
 Summon Greater Demon     Summ           11%          100%        7
 Summon Hydra             Summ           11%          100%        7
 Borgnjor's Revivificati  Necr           63%          5%          8
 Infestation              Necr           63%          5%          8
 Death's Door             Necr           63%          63%         9
 Discord                  Hex            11%          100%        8
 Ignition                 Fire           11%          100%        8
 Summon Horrible Things   Summ           11%          100%        8
 Swiftness                Air            Unusable     N/A         2
 Blink                    Tloc           Unusable     N/A         2

Dungeon Overview and Level Annotations

Branches:
Dungeon (15/15)            Temple (1/1) D:5            Lair (6/6) D:8
 Shoals (4/4) Lair:2        Snake (4/4) Lair:2        Slime (0/5) Lair:5
    Orc (2/2) D:11            Elf (3/3) Orc:2        Vaults (5/5) D:13
  Crypt (3/3) Vaults:3       Tomb (1/3) Crypt:3      Depths (0/5) D:15
  Sewer (visited)           IceCv (visited)         Volcano (visited)
Gauntlet (visited)

Altars:
Ashenzari
Cheibriados
Dithmenos
Elyvilon
Fedhas
Gozag
Hepliaklqana
Kikubaaqudgha
Makhleb
Nemelex Xobeh
Okawaru
Qazlal
Ru
Sif Muna
Trog
Uskayaw
Vehumet
Wu Jian
Xom
Yredelemnul
Zin
The Shining One

Shops:
D:4 *   D:11 [   D:12 *   Orc:2 ==?[   Elf:1 (   Lair:4 ![[[   Snake:1 (
Vaults:2 }:   Vaults:3 !   Tomb:1 =[:(:(


Innate Abilities, Weirdness & Mutations

You cannot be hasted, slowed, berserked, paralysed or teleported.
You can dig through walls and to a lower floor.
Your four strong arms can wield two-handed weapons with a shield.
You have a pair of large antennae on your head. (SInv)
You are partially covered in molten scales. (AC +2)
You possess an exceptional clarity of mind.
Your flesh is cold resistant. (rC+)
You are frail. (-10% HP)
You are resistant to electric shocks. (rElec)
Potions are less effective at restoring your health.


Message History

The zombie hands constrict the vault warden!
The zombie hands constrict the shadow dragon!!
The zombie hands constrict the deep elf high priest!
The stone giant is no longer distracted by gold.
The ogre is no longer distracted by gold.
An ogre mage comes into view.
An ironheart preserver comes into view. It is wielding a +0 great mace.
The purple very ugly thing becomes distracted by the nearby gold, dreaming of imaginary riches.
The deep elf archer becomes distracted by the nearby gold, dreaming of imaginary riches.
The vault warden struggles to escape constriction.
The ice dragon becomes distracted by the nearby gold, dreaming of imaginary riches.
The shadow dragon escapes!
The deep elf high priest mumbles some strange prayers to its god against you.
Something smites you!
The purple very ugly thing becomes distracted by the nearby gold, dreaming of imaginary riches.
The green very ugly thing becomes distracted by the nearby gold, dreaming of imaginary riches.
The yaktaur captain shoots a bolt.
The bolt hits you!!
You die...
Your body crumbles into a pile of gold.

C# #....# # pp
#....#.#
{c###....#.# {
#..#e.....## {
#(..W.......
#####...$[....#
......)OC<.....
.....$$Lp.<....
....(.$$D<.....
.....DpuY($....
#####.D...p..##
{{ Cc......C..
uu$$#....#.#.
{euY.#....#!ep
.*u..#O...# #.


You could see a shadow dragon, 2 ironheart preservers, a titan (empowered), a
golden dragon (clutched), a frost giant, 3 very ugly things, an ice dragon
(unaware), 2 stone giants, 2 vault wardens, a death yak shaped shifter, 2
yaktaur captains, a vault guard (strong), an elephant shaped shifter, a white
ugly thing, an ogre mage, a deep elf archer (repels missiles, unaware), 2 deep
elf high priests, a phantasmal warrior, an ironbrand convoker (empowered), an
ogre (strong) and a battlesphere.

Vanquished Creatures
  Khufu (Crypt:1)
  Mara (Crypt:1)
  9 royal mummies
  2 ancient liches (Crypt:3)
  Bai Suzhen (Crypt:1)
  Margery (Vaults:4)
  Saint Roka (Vaults:3)
  Frederick (Vaults:4)
  Nikola (Elf:2)
  A bone dragon (Crypt:3)
  3 liches (Crypt:3)
  A tentacled monstrosity (Vaults:4)
  Rupert (Snake:1)
  A shard shrike skeleton (Crypt:2)
  2 deep elf master archers (Elf:3)
  3 deep elf blademasters
  2 titans
  A quicksilver dragon (Vaults:5)
  4 krakens
  11 sphinxes
  Frances (D:12)
  6 ancient champions
  Donald (Elf:1)
  8 nagarajas
  3 tengu reavers
  4 revenants
  3 fire giants
  3 frost giants
  16 vault wardens
  Aizul (Snake:1)
  The ghost of Flure the Martial Artist, a journeyman DgTm (Snake:2)
  5 curse skulls
  5 deep elf sorcerers
  15 ghouls
  The ghost of Ciageutz the Thaumaturge, a journeyman GnWz of Sif Muna (Snake:3)
  A deep elf elementalist (Elf:3)
  A juggernaut zombie (Crypt:3)
  11 ironheart preservers
  10 stone giants
  13 very ugly things
  A reaper (Crypt:3)
  6 deep elf demonologists
  A minotaur (Gauntlet)
  5 vampire knights
  8 deep elf annihilators
  6 deep elf death magi
  7 eidola
  15 mummy priests
  3 merfolk javelineers
  14 merfolk impalers
  2 ettins
  A great orb of eyes (Vaults:4)
  The ghost of Weugil the Slicer, a journeyman HaBe of Trog (Lair:2)
  5 fire dragons
  15 jiangshi
  Josephine (D:14)
  3 rakshasas
  A quicksilver dragon skeleton (Tomb:1)
  Fannar (Lair:2)
  7 yaktaur captains
  2 deep elf high priests (Elf:3)
  3 catoblepae
  Harold (D:7)
  7 hydras
  3 ice dragons
  32 vault guards
  10 naga warriors
  8 centaur warriors
  8 boulder beetles
  11 anacondas
  2 satyrs
  3 merfolk aquamancers
  10 ogre magi
  5 merfolk avatars
  24 death scarabs (Tomb:1)
  43 two-headed ogres
  3 death knights
  2 alligator snapping turtles
  2 tengu warriors
  2 alligators (Snake:2)
  2 deep troll earth magi
  6 vampire magi
  25 deep elf knights
  3 deep troll shamans
  A titan zombie (Crypt:3)
  10 shock serpents
  An orc high priest (Elf:1)
  6 death yaks (Gauntlet)
  12 naga sharpshooters
  Sonja (Lair:1)
  2 soul eaters
  2 hell knights (Vaults:4)
  2 salamander mystics
  3 shadow wraiths
  54 skeletal warriors
  10 sea snakes
  9 deep trolls
  2 titan skeletons
  A storm dragon skeleton (Vaults:2)
  3 wizards
  A swamp dragon (Snake:2)
  An anaconda skeleton (Volcano)
  3 bog bodies
  7 flayed ghosts
  4 naga ritualists
  A kraken simulacrum (Shoals:4)
  14 orc knights
  5 necromancers
  An obsidian statue (Tomb:1)
  2 glowing orange brains
  19 deep elf archers
  6 phantasmal warriors
  5 orc sorcerers
  67 deep elf magi
  6 wolf spiders
  16 ironbrand convokers
  A harpy (Lair:6)
  16 ugly things
  4 oklob plants (Lair:5)
  A fire giant zombie (D:12)
  11 mana vipers
  The ghost of kthxbai the Digger, a novice FoEE (D:8)
  A moth of wrath (D:8)
  5 salamanders
  16 cyclopes
  15 manticores
  A stone giant zombie (Tomb:1)
  3 wolf spider zombies
  An iron dragon skeleton (Crypt:3)
  13 fauns
  34 black mambas
  7 merfolk sirens
  4 guardian serpents
  17 naga magi
  14 elephants
  An ice statue (IceCv)
  2 human skeletons (Vaults:2)
  13 vault sentinels
  5 water nymphs
  Joseph (D:7)
  A shock serpent skeleton (Crypt:2)
  12 cane toads
  3 gargoyles (Volcano)
  3 yaktaur zombies
  8 orc zombies
  10 rime drakes
  13 komodo dragons
  A dire elephant skeleton (Crypt:3)
  39 yaktaurs
  11 freezing wraiths
  3 tengu conjurers (D:13)
  18 guardian mummies
  3 hydra zombies
  A sea snake skeleton (Crypt:2)
  8 trolls
  A queen bee (D:9)
  A wind drake (shapeshifter) (D:15)
  33 merfolk
  9 wind drakes
  A harpy skeleton (Volcano)
  A hornet (shapeshifter) (Vaults:2)
  A jumping spider (shapeshifter) (Vaults:4)
  20 polar bears
  24 slime creatures
  A tyrant leech (Lair:2)
  A wolf spider simulacrum (D:14)
  7 hornets
  A blink frog (shapeshifter) (Vaults:3)
  A hydra skeleton (D:15)
  16 blink frogs
  A boulder beetle zombie (Lair:1)
  8 dream sheep
  A fire dragon zombie (Tomb:1)
  2 large abominations (Gauntlet)
  17 snapping turtles
  A centaur simulacrum (D:15)
  21 flying skulls
  2 ettin skeletons
  A guardian serpent skeleton (Crypt:3)
  2 black mamba zombies (Lair:1)
  12 water elementals
  An ushabti (Tomb:1)
  A vampire (D:15)
  7 wyverns
  2 alligator skeletons
  41 yaks
  Grum (D:11)
  11 wraiths
  2 fire elementals
  A black mamba skeleton (Tomb:1)
  4 basilisks
  A hog (shapeshifter) (Vaults:2)
  2 humans (D:9)
  2 elf skeletons (D:13)
  5 wargs
  4 small abominations (Gauntlet)
  6 vampire mosquitoes
  A deep troll zombie (Crypt:2)
  A soldier ant (D:11)
  An elf zombie (D:13)
  66 nagas
  22 water moccasins
  An acid dragon (Vaults:1)
  4 swamp worms
  A merfolk skeleton (Crypt:3)
  5 black bears
  51 orc warriors
  A meliai simulacrum (D:14)
  A swamp drake (Snake:2)
  A hornet zombie (D:15)
  4 ice beasts
  4 sky beasts
  33 ogres
  5 phantoms
  A blink frog zombie (Crypt:2)
  6 necrophages
  A snapping turtle skeleton (Crypt:3)
  12 boggarts
  21 centaurs
  A manticore zombie (Crypt:3)
  32 wolves
  A manticore skeleton (Crypt:1)
  4 big kobolds
  A draconian zombie (Crypt:3)
  19 bullfrogs
  3 earth elementals
  A gnoll sergeant (D:5)
  2 cyclops zombies
  A water moccasin zombie (Lair:1)
  A wyvern zombie (D:13)
  A wyvern skeleton (D:13)
  A scorpion (shapeshifter) (D:13)
  A cyclops skeleton (D:15)
  A hornet simulacrum (D:14)
  A warg zombie (Orc:2)
  10 scorpions
  20 wights
  51 killer bees
  A warg skeleton (Crypt:2)
  2 troll skeletons
  A spriggan skeleton (Volcano)
  2 electric eels
  A howler monkey (D:5)
  10 jellies
  2 bullfrog zombies
  6 centaur zombies
  5 quasits
  A black bear zombie (Crypt:2)
  7 hounds
  26 orc wizards
  21 orc priests
  2 bullfrog skeletons
  7 centaur skeletons
  Ijyb (D:2)
  Jessica (D:3)
  7 iguanas
  A black bear skeleton (Crypt:2)
  A gnoll shaman (Orc:2)
  9 worker ants
  A sky beast zombie (D:12)
  A naga skeleton (Crypt:3)
  2 ogre skeletons
  An acid dragon skeleton (Crypt:3)
  8 mummies
  3 worker ant zombies
  Robin (D:3)
  13 gnolls
  A howler monkey skeleton (Crypt:2)
  15 adders
  2 orc skeletons (Orc:2)
  A shadow imp (Gauntlet)
  A swamp drake skeleton (Crypt:2)
  4 white imps
  2 ufetubi (D:14)
  13 oozes
  3 adder zombies
  An adder skeleton (D:5)
  An iguana skeleton (Crypt:2)
  8 worms
  A dart slug (D:3)
  8 leopard geckos
  97 orcs
  3 ball pythons
  9 bats
  A bat skeleton (D:15)
  13 giant cockroaches
  13 goblins
  10 hobgoblins
  14 jackals
  32 kobolds
  6 quokkas
  A ball python skeleton (Crypt:3)
  8 frilled lizards
  A giant cockroach zombie (D:15)
  A gnoll skeleton (Crypt:3)
  A hobgoblin zombie (D:15)
  4 jackal skeletons
  A jackal zombie (D:7)
  A kobold skeleton (D:13)
  A kobold zombie (D:13)
  A leopard gecko skeleton (D:13)
  A leopard gecko zombie (D:8)
  A quokka skeleton (D:13)
  5 rats
  16 tentacles
2193 creatures vanquished.

Vanquished Creatures (others)
  18 dancing weapons
  A deep elf knight (Elf:2)
  A necromancer (Crypt:3)
  2 polar bears (IceCv)
  A yak (IceCv)
  2 ogres
  A centaur (D:15)
  2 wolves (IceCv)
  An orc priest (Elf:1)
  2 orcs
  20 demonic plants (Gauntlet)
  24 fungi
  148 plants
  63 tentacles
286 creatures vanquished.

Grand Total: 2479 creatures vanquished

Notes
Turn   | Place    | Note
-------+----------+-------------------------------------------
     0 | D:1      | DildoBatman the Formicid Conjurer began the quest for the
                  | Orb.
     0 | D:1      | Reached XP level 1. HP: 13/13 MP: 3/3
   210 | D:1      | Reached XP level 2. HP: 19/19 MP: 1/5
   355 | D:1      | Learned a level 2 spell: Searing Ray
   455 | D:1      | Reached XP level 3. HP: 24/24 MP: 0/6
   878 | D:2      | Found a white marble altar of Elyvilon.
   878 | D:2      | Found a shadowy altar of Dithmenos.
  1151 | D:2      | Reached XP level 4. HP: 30/30 MP: 2/7
  1349 | D:2      | Reached skill level 5 in Conjurations
  2083 | D:3      | Reached XP level 5. HP: 18/35 MP: 3/8
  2174 | D:3      | Found a faded altar of an unknown god.
  2347 | D:3      | Noticed Jessica
  2406 | D:3      | Found a snail-covered altar of Cheibriados.
  2406 | D:3      | Found a radiant altar of Vehumet.
  2407 | D:3      | Found a hazy altar of Hepliaklqana.
  2443 | D:3      | Found a glowing golden altar of the Shining One.
  2531 | D:3      | Noticed Ijyb
  2686 | D:3      | Found a white marble altar of Elyvilon.
  3062 | D:5      | Entered Level 5 of the Dungeon
  3062 | D:5      | Noticed an ogre
  3064 | D:5      | Found a staircase to the Ecumenical Temple.
  3064 | D:5      | Noticed a phantom
  3079 | Temple   | Entered the Ecumenical Temple
  3202 | D:5      | Found a blossoming altar of Fedhas.
  3205 | D:5      | Found a stormy altar of Qazlal.
  3251 | D:5      | Reached XP level 6. HP: 42/42 MP: 4/9
  3351 | D:5      | Reached skill level 1 in Fighting
  3351 | D:5      | Reached skill level 1 in Armour
  3512 | D:5      | Found a glowing drain.
  3521 | Sewer    | Entered a sewer
  4601 | D:5      | Reached skill level 1 in Shields
  4601 | D:5      | Reached XP level 7. HP: 50/50 MP: 4/12
  5266 | D:6      | Noticed a water moccasin
  5273 | D:6      | Killed a water moccasin
  5615 | D:6      | Reached skill level 5 in Spellcasting
  6004 | D:7      | Noticed a hornet
  6095 | D:7      | Noticed Joseph
  6478 | D:7      | Noticed Harold
  6806 | D:7      | Found a shimmering blue altar of Sif Muna.
  6980 | D:7      | Reached XP level 8. HP: 56/56 MP: 3/16
  7138 | D:8      | Found a staircase to the Lair.
  7281 | D:8      | Noticed a moth of wrath
  7281 | D:8      | Noticed a yak
  7298 | D:8      | Noticed a yak
  7677 | D:8      | Found a transporter.
  7693 | D:8      | Noticed kthxbai's ghost (novice FoEE)
  7705 | D:8      | Found a transporter.
  7780 | D:8      | Killed a yak
  8075 | D:8      | Found a broken altar of Ashenzari.
  8097 | D:8      | Noticed a yak
  8101 | D:8      | Killed a yak
  8102 | D:8      | Reached XP level 9. HP: 64/64 MP: 8/19
  8329 | D:8      | Reached skill level 5 in Armour
  8500 | D:9      | Reached skill level 5 in Fighting
  8510 | D:9      | Learned a level 3 spell: Ozocubu's Armour
  8541 | D:9      | Reached skill level 1 in Ice Magic
  9081 | D:9      | Found an ancient bone altar of Kikubaaqudgha.
  9086 | D:9      | Became a worshipper of Kikubaaqudgha
  9254 | D:5      | Reached skill level 5 in Ice Magic
  9345 | D:2      | Killed Ijyb
  9386 | D:3      | Killed Jessica
  9401 | D:3      | Noticed Robin
  9406 | D:3      | Killed Robin
  9598 | D:4      | Reached XP level 10. HP: 70/74 MP: 15/20
  9677 | D:4      | Found Ynexue's Assorted Antiques.
  9693 | D:4      | Bought a cyan potion for 27 gold pieces
  9721 | D:4      | Reached * piety under Kikubaaqudgha
  9721 | D:4      | Identified Kikubaaqudgha's Volume of Dark Magic
                  | (Kikubaaqudgha gifted it to you on level 4 of the Dungeon)
  9721 | D:4      | Received a gift from Kikubaaqudgha
 10370 | D:5      | Reached skill level 1 in Necromancy
 11034 | D:7      | Reached ** piety under Kikubaaqudgha
 12261 | D:9      | Reached skill level 5 in Dodging
 12274 | D:9      | Reached XP level 11. HP: 69/83 MP: 15/21
 12392 | D:9      | Reached *** piety under Kikubaaqudgha
 12392 | D:9      | Identified Kikubaaqudgha's Collected Works on Stolen Souls
                  | (Kikubaaqudgha gifted it to you on level 9 of the Dungeon)
 12392 | D:9      | Received a gift from Kikubaaqudgha
 12393 | D:9      | Reached skill level 5 in Necromancy
 12400 | D:9      | Learned a level 5 spell: Borgnjor's Vile Clutch
 12405 | D:9      | Learned a level 4 spell: Dispel Undead
 12408 | D:9      | Learned a level 2 spell: Sublimation of Blood
 12412 | D:9      | Learned a level 3 spell: Vampiric Draining
 12542 | D:9      | Reached skill level 1 in Earth Magic
 12568 | D:9      | Reached skill level 2 in Earth Magic
 12637 | D:9      | Found an iron altar of Okawaru.
 12751 | D:9      | Reached skill level 3 in Earth Magic
 12757 | D:9      | Reached skill level 4 in Earth Magic
 12874 | D:9      | Reached skill level 5 in Earth Magic
 12964 | D:9      | Reached skill level 6 in Earth Magic
 13102 | D:10     | Entered Level 10 of the Dungeon
 13206 | D:10     | Reached **** piety under Kikubaaqudgha
 13208 | D:10     | Reached skill level 7 in Earth Magic
 14297 | D:7      | Killed Joseph
 14298 | D:7      | Reached skill level 8 in Earth Magic
 14528 | D:7      | Killed Harold
 14712 | D:8      | Killed a moth of wrath
 14803 | D:8      | Killed kthxbai's ghost
 14804 | D:8      | Reached skill level 9 in Earth Magic
 14804 | D:8      | Reached XP level 12. HP: 91/91 MP: 12/22
 14806 | D:8      | Got a fine cloak
 14812 | D:8      | Identified the +0 cloak of Zanom {rC+} (You found it on
                  | level 8 of the Dungeon)
 14954 | D:11     | Found a frozen archway.
 14977 | D:11     | Noticed a two-headed ogre
 15109 | D:11     | Killed a two-headed ogre
 15212 | D:11     | Reached skill level 10 in Earth Magic
 15306 | IceCv    | Entered an ice cave
 15349 | IceCv    | Got a translucent plate armour
 15557 | IceCv    | Got a shimmering ring mail
 15589 | IceCv    | Identified the +0 plate armour of the Okapi {Str+3} (You
                  | found it in an ice cave)
 15600 | IceCv    | Identified the cursed +0 ring mail of Mumblety Peg {Rampage
                  | rF+ rC+ Dex-4} (You found it in an ice cave)
 15652 | IceCv    | Reached ***** piety under Kikubaaqudgha
 15903 | IceCv    | Reached skill level 11 in Earth Magic
 16261 | IceCv    | Reached skill level 12 in Earth Magic
 16408 | IceCv    | Noticed a frost giant
 16446 | IceCv    | Reached XP level 13. HP: 82/96 MP: 5/25
 16610 | IceCv    | Killed a frost giant
 17053 | D:11     | Got a warped whip
 17054 | D:11     | Identified the cursed +1 whip of Epacvau {vorpal, rF- rC+
                  | Int+4} (You found it on level 11 of the Dungeon)
 17283 | D:11     | Found a staircase to the Orcish Mines.
 17441 | D:11     | Noticed Grum
 17448 | D:11     | Killed Grum
 17474 | D:11     | Found Nuahacad's Antique Armour Shop.
 17814 | Orc:1    | Entered Level 1 of the Orcish Mines
 18773 | Orc:1    | Reached skill level 10 in Armour
 18778 | Orc:1    | Reached skill level 10 in Fighting
 18778 | Orc:1    | Reached XP level 14. HP: 110/110 MP: 11/26
 19215 | Orc:1    | Reached ****** piety under Kikubaaqudgha
 19234 | D:11     | Received a gift from Kikubaaqudgha
 19238 | D:11     | Fell from the grace of Kikubaaqudgha
 19368 | Temple   | Became a worshipper of Gozag Ym Sagoz the Greedy
 19609 | Orc:2    | Entered Level 2 of the Orcish Mines
 19609 | Orc:2    | Found Jubul's Jewellery Shoppe.
 19609 | Orc:2    | Found Podghim's Jewellery Shop.
 19675 | Orc:2    | Reached skill level 10 in Necromancy
 19679 | Orc:2    | Reached skill level 13 in Earth Magic
 20109 | Orc:2    | Found Qayshriq's Magic Scroll Shoppe.
 20109 | Orc:2    | Found Siwkugg's Antique Armour Boutique.
 20156 | Orc:2    | Bought a scroll of enchant armour for 105 gold pieces
 20156 | Orc:2    | Bought a scroll of identify for 28 gold pieces
 20156 | Orc:2    | Bought a scroll of enchant armour for 105 gold pieces
 20156 | Orc:2    | Bought a scroll of identify for 28 gold pieces
 20156 | Orc:2    | Bought a scroll of identify for 28 gold pieces
 20479 | Orc:2    | Found a staircase to the Elven Halls.
 21546 | D:12     | Found Zitzatt's Assorted Antiques.
 21564 | D:12     | Bought a scroll of identify for 58 gold pieces
 21564 | D:12     | Bought a scroll labelled HIENOV ZAELI for 29 gold pieces
 21590 | D:12     | Noticed Frances
 21602 | D:12     | Killed Frances
 21603 | D:12     | Reached XP level 15. HP: 80/114 MP: 15/27
 21972 | D:13     | Reached skill level 14 in Earth Magic
 22574 | D:13     | Found a gate to the Vaults.
 22899 | D:14     | Noticed Josephine
 22902 | D:14     | Reached skill level 15 in Earth Magic
 22907 | D:14     | Killed Josephine
 23309 | D:14     | Noticed a stone giant
 23351 | D:14     | Killed a stone giant
 23352 | D:14     | Reached skill level 16 in Earth Magic
 23564 | D:14     | You fall into a shaft and drop 1 floor!
 23564 | D:15     | Entered Level 15 of the Dungeon
 23950 | D:15     | Reached XP level 16. HP: 116/122 MP: 11/28
 24007 | D:15     | Reached skill level 17 in Earth Magic
 24868 | D:11     | Bought a pair of smouldering boots for 304 gold pieces
 24878 | D:11     | Identified the cursed -4 pair of boots of Trumpets {Int+2}
                  | (You bought it in a shop on level 11 of the Dungeon)
 25011 | Lair:1   | Entered Level 1 of the Lair of Beasts
 25064 | Lair:1   | Noticed Sonja
 25068 | Lair:1   | Killed Sonja
 25510 | Lair:1   | Was forgiven by Kikubaaqudgha
 25877 | Lair:2   | Found a transporter.
 25880 | Lair:2   | Found a transporter.
 25880 | Lair:2   | Noticed Weugil's ghost (journeyman HaBe)
 26134 | Lair:2   | Reached skill level 18 in Earth Magic
 26173 | Lair:2   | Found a staircase to the Shoals.
 26217 | Lair:2   | Noticed Fannar
 26228 | Lair:2   | Killed Fannar
 26466 | Lair:2   | Found a staircase to the Snake Pit.
 26923 | Lair:2   | Killed Weugil's ghost
 27091 | Lair:3   | Found a dark tunnel.
 27152 | Lair:3   | Reached skill level 10 in Spellcasting
 27194 | Volcano  | Entered a volcano
 27369 | Volcano  | Reached skill level 5 in Shields
 28107 | Lair:3   | Found the +8 whip "Snakebite" {curare, rPois}
 28444 | Lair:4   | Found a gate leading to a gauntlet.
 28658 | Lair:4   | Bought a +2 tower shield of protection for 387 gold pieces
 28663 | Gauntlet | Entered a Gauntlet
 28663 | Gauntlet | Found a transporter.
 28663 | Gauntlet | Found a transporter.
 28667 | Gauntlet | Found a transporter.
 28669 | Gauntlet | Found a large runed translucent door.
 28669 | Gauntlet | Found a transporter.
 28670 | Gauntlet | Found a large runed translucent door.
 28671 | Gauntlet | Found a large runed translucent door.
 28671 | Gauntlet | Found a large runed translucent door.
 28671 | Gauntlet | Found a runed translucent door.
 28671 | Gauntlet | Found a runed translucent door.
 28672 | Gauntlet | Found a large runed translucent door.
 28672 | Gauntlet | Found a large runed translucent door.
 28672 | Gauntlet | Found a large runed translucent door.
 28672 | Gauntlet | Found a large runed translucent door.
 28673 | Gauntlet | Found a large runed translucent door.
 28673 | Gauntlet | Found a large runed translucent door.
 28674 | Gauntlet | Found a large runed translucent door.
 28674 | Gauntlet | Found a large runed translucent door.
 28675 | Gauntlet | Found a runed translucent gate.
 28675 | Gauntlet | Found a runed translucent gate.
 28675 | Gauntlet | Found a runed translucent gate.
 28677 | Gauntlet | Found a transporter.
 28687 | Gauntlet | Found a transporter.
 28687 | Gauntlet | Found a transporter.
 28690 | Gauntlet | Found a transporter.
 28696 | Gauntlet | Found a transporter.
 28725 | Gauntlet | Found a large runed translucent door.
 28726 | Gauntlet | Found a large runed translucent door.
 28728 | Gauntlet | Found a transporter.
 28746 | Gauntlet | Found a transporter.
 28763 | Gauntlet | Found a large runed translucent door.
 28764 | Gauntlet | Found a large runed translucent door.
 28764 | Gauntlet | Found a transporter.
 28804 | Gauntlet | Found a transporter.
 28818 | Gauntlet | Found a transporter.
 28918 | Gauntlet | Found a transporter.
 28932 | Gauntlet | Found a transporter.
 29041 | Gauntlet | Identified the Catalogue of Transformation
 29134 | Gauntlet | Got a scintillating ruby amulet
 29139 | Gauntlet | Got a clouded turquoise ring
 29187 | Gauntlet | Identified the amulet "Quengina" {Acrobat rPois rF+ Will+
                  | Int+2} (You found it in a Gauntlet)
 29188 | Gauntlet | Identified the cursed ring of the Cockroach {rElec rPois
                  | Str-4 Dex-3 Stlth+} (You found it in a Gauntlet)
 29210 | Gauntlet | Reached XP level 17. HP: 117/128 MP: 10/31
 29265 | Gauntlet | Got a pair of pitted gloves
 29292 | Gauntlet | Identified the +1 pair of gloves of the Moon {rElec rF- rC+
                  | Slay+3} (You found it in a Gauntlet)
 29439 | Gauntlet | Got a heavily runed ring mail
 29450 | Gauntlet | Identified the +1 ring mail of Valiance {rPois Regen+ Str+2
                  | Slay-6} (You found it in a Gauntlet)
 29819 | Lair:4   | Learned a level 6 spell: Statue Form
 30198 | Lair:4   | Bought a pair of transparent gloves for 256 gold pieces
 30209 | Lair:4   | Identified the cursed +0 pair of gloves "Lelabbibb" {rElec
                  | Will- Dex+8} (You bought it in a shop on level 4 of the
                  | Lair of Beasts)
 30299 | Lair:5   | Reached skill level 10 in Shields
 30681 | Lair:5   | Found a staircase to the Slime Pits.
 31202 | Lair:6   | Entered Level 6 of the Lair of Beasts
 31731 | Lair:6   | Got a scorched war axe
 31753 | Lair:6   | Identified the cursed +1 war axe "Veh Utytt" {venom, rElec
                  | Str+4 Int-4} (You found it on level 6 of the Lair of
                  | Beasts)
 32532 | D:15     | Found a staircase to the Depths.
 32760 | Snake:1  | Entered Level 1 of the Snake Pit
 32797 | Snake:1  | Noticed Aizul
 32810 | Snake:1  | Killed Aizul
 33063 | Snake:1  | Found Fuudghodgh's Antique Weapon Boutique.
 33246 | Snake:1  | Found a radiant altar of Vehumet.
 33259 | Snake:1  | Noticed Rupert
 33282 | Snake:1  | Killed Rupert
 33283 | Snake:1  | Reached skill level 15 in Shields
 33283 | Snake:1  | Reached skill level 1 in Transmutations
 33283 | Snake:1  | Reached XP level 18. HP: 134/134 MP: 15/32
 33406 | Snake:1  | You fall into a shaft and drop 1 floor!
 33720 | Snake:2  | Found a runed translucent gate.
 33722 | Snake:2  | Found a runed translucent gate.
 33722 | Snake:2  | Noticed Flure's ghost (journeyman DgTm)
 33730 | Snake:2  | Reached skill level 5 in Transmutations
 34191 | Snake:2  | Found a runed translucent gate.
 34194 | Snake:2  | Identified the +2 scimitar "Ypleh" {drain, rN+ Will+}
 34443 | Snake:2  | Killed Flure's ghost
 34690 | Snake:3  | Noticed Ciageutz's ghost (journeyman GnWz)
 34901 | Snake:3  | Got a bloodstained long sword
 34903 | Snake:3  | Identified the +6 long sword of Seihit {protect, +Inv Will+
                  | Int-4 SInv} (You found it on level 3 of the Snake Pit)
 35289 | Snake:3  | Found a runed translucent gate.
 35289 | Snake:3  | Found a runed translucent gate.
 35291 | Snake:3  | Found a runed translucent gate.
 35649 | Snake:3  | Killed Ciageutz's ghost
 35682 | Snake:3  | Gained mutation: You possess an exceptional clarity of
                  | mind. [potion of mutation]
 35682 | Snake:3  | Gained mutation: Your muscles are strong. (Str +2) [potion
                  | of mutation]
 35682 | Snake:3  | Gained mutation: Armour fits poorly on your strangely
                  | shaped body. [potion of mutation]
 35682 | Snake:3  | Gained mutation: You have sharp toenails. [potion of
                  | mutation]
 35683 | Snake:3  | Lost mutation: Your muscles are strong. (Str +2) [potion of
                  | mutation]
 35683 | Snake:3  | Gained mutation: Potions are less effective at restoring
                  | your health. [potion of mutation]
 35683 | Snake:3  | Gained mutation: Your system is resistant to poisons.
                  | (rPois) [potion of mutation]
 35725 | Snake:4  | Entered Level 4 of the Snake Pit
 35874 | Snake:4  | Reached skill level 15 in Fighting
 35965 | Snake:4  | Found the +4 moon troll leather armour {Spirit, Regen++
                  | MP+5}
 36060 | Snake:4  | Reached XP level 19. HP: 155/155 MP: 25/33
 36779 | Snake:4  | Reached skill level 10 in Transmutations
 36798 | Snake:4  | Got a serpentine rune of Zot
 37234 | Shoals:1 | Entered Level 1 of the Shoals
 39454 | Shoals:2 | Got an encrusted plate armour
 39465 | Shoals:2 | Identified the +1 plate armour of Gravity {Int+2} (You
                  | found it on level 2 of the Shoals)
 40448 | Shoals:3 | Reached XP level 20. HP: 120/135 MP: 9/34
 41463 | Shoals:4 | Entered Level 4 of the Shoals
 41541 | Shoals:4 | Identified 2 scrolls of acquirement
 42005 | Shoals:4 | Got a barnacled rune of Zot
 42125 | Shoals:4 | Reached skill level 1 in Polearms
 43490 | Vaults:1 | Entered Level 1 of the Vaults
 43687 | Snake:1  | Bought a crude whip for 292 gold pieces
 43687 | Snake:1  | Identified the +9 whip "Yjaucs" {vorpal, *Rage +Rage rN++
                  | Str+2} (You bought it in a shop on level 1 of the Snake
                  | Pit)
 43763 | Lair:4   | Bought a potion of curing for 30 gold pieces
 43763 | Lair:4   | Bought a potion of resistance for 100 gold pieces
 43982 | Vaults:1 | Upgraded the game from 0.26.0-10-g1f06aea511 to
                  | 0.26.0-11-g8f856b5395
 44393 | Vaults:1 | Reached XP level 21. HP: 170/174 MP: 7/35
 45436 | Vaults:1 | Reached skill level 15 in Transmutations
 45639 | Vaults:1 | Learned a level 8 spell: Necromutation
 45832 | Vaults:2 | Reached skill level 15 in Necromancy
 46243 | Vaults:2 | Found Gyadal's Gadget Shoppe.
 46252 | Vaults:2 | Bought a wand of acid (9) for 364 gold pieces
 46494 | Vaults:2 | Found Weymm's Book Emporium.
 47172 | Vaults:3 | Reached XP level 22. HP: 125/182 MP: 12/36
 47352 | Vaults:3 | Found Fiorphum's Distillery.
 47429 | Vaults:3 | Bought a potion of invisibility for 128 gold pieces
 47429 | Vaults:3 | Bought a potion of magic for 128 gold pieces
 47429 | Vaults:3 | Bought 2 potions of curing for 96 gold pieces
 47429 | Vaults:3 | Bought 2 potions of heal wounds for 160 gold pieces
 47429 | Vaults:3 | Bought a potion of invisibility for 128 gold pieces
 47754 | Vaults:3 | Noticed Saint Roka
 47778 | Vaults:3 | Killed Saint Roka
 47981 | Vaults:3 | Found a staircase to the Crypt.
 48887 | Vaults:4 | Noticed Frederick
 48916 | Vaults:4 | Killed Frederick
 49071 | Vaults:4 | Noticed Margery
 49102 | Vaults:4 | Killed Margery
 49216 | Vaults:4 | Reached XP level 23. HP: 136/188 MP: 17/37
 50181 | Elf:1    | Entered Level 1 of the Elven Halls
 50200 | Elf:1    | Noticed Donald
 50222 | Elf:1    | Killed Donald
 50523 | Elf:1    | Found Zisch's Antique Weapon Shop.
 50626 | Elf:1    | Bought a polished flail for 195 gold pieces
 50626 | Elf:1    | Bought a blackened longbow for 218 gold pieces
 50633 | Elf:1    | Identified the +10 longbow of Starshine {venom, Int+3
                  | Stlth+} (You bought it in a shop on level 1 of the Elven
                  | Halls)
 50634 | Elf:1    | Identified the +7 flail "Temuheof" {drain, rF+ rN+ Stlth-}
                  | (You bought it in a shop on level 1 of the Elven Halls)
 51407 | Elf:2    | Found a runed translucent gate.
 51446 | Elf:2    | Noticed Nikola
 51462 | Elf:2    | Killed Nikola
 51640 | Elf:2    | Found a runed translucent gate.
 51640 | Elf:2    | Found a runed translucent gate.
 52172 | Elf:2    | Reached skill level 19 in Earth Magic
 52187 | Elf:2    | Reached XP level 24. HP: 176/195 MP: 3/37
 52346 | Elf:3    | Entered Level 3 of the Elven Halls
 53218 | Elf:3    | Reached skill level 20 in Earth Magic
 53804 | Elf:3    | Found the brooch of Shielding {Spirit SH+8}
 53833 | Elf:3    | Identified the Incunabulum of the Harmful Traveller
 53863 | Elf:3    | Got a brightly glowing whip
 53867 | Elf:3    | Got a fading war axe
 53870 | Elf:3    | Got a fading shortbow
 53879 | Elf:3    | Identified the cursed +1 whip of Tenacity {drain, *Noise
                  | Int+8 Dex+3 SInv} (You found it on level 3 of the Elven
                  | Halls)
 53881 | Elf:3    | Identified the cursed +3 war axe "Tuteuss" {vorpal, rElec}
                  | (You found it on level 3 of the Elven Halls)
 53883 | Elf:3    | Identified the +10 shortbow "Amuothixt" {venom, rN++ Will-
                  | Str+4} (You found it on level 3 of the Elven Halls)
 53938 | Elf:3    | Got a crude arbalest
 53943 | Elf:3    | Got a pitted arbalest
 53944 | Elf:3    | Identified the cursed +3 arbalest "Embalmer" {speed, rN+}
                  | (You found it on level 3 of the Elven Halls)
 53947 | Elf:3    | Identified the +8 arbalest "Cynojig" {vorpal, rF++ Int+2}
                  | (You found it on level 3 of the Elven Halls)
 54025 | Elf:3    | Learned a level 5 spell: Bolt of Magma
 54311 | Lair:4   | Bought the +7 troll leather armour of Fudghiw {rF- rN+++
                  | Regen+ Int+3 Slay+3} for 1618 gold pieces
 54657 | Crypt:1  | Entered Level 1 of the Crypt
 54692 | Crypt:1  | Reached skill level 21 in Earth Magic
 54879 | Crypt:1  | Noticed a royal mummy
 54888 | Crypt:1  | Killed a royal mummy
 55000 | Crypt:1  | Noticed a royal mummy
 55010 | Crypt:1  | Killed a royal mummy
 55011 | Crypt:1  | Reached skill level 22 in Earth Magic
 55102 | Crypt:1  | Noticed Khufu
 55102 | Crypt:1  | Noticed a royal mummy
 55308 | Crypt:1  | Noticed Mara
 55314 | Crypt:1  | Noticed DildoBatman's illusion
 55318 | Crypt:1  | Killed Mara
 55319 | Crypt:1  | Reached XP level 25. HP: 160/201 MP: 8/37
 55605 | Crypt:1  | Noticed Bai Suzhen
 55617 | Crypt:1  | Killed Bai Suzhen
 55632 | Crypt:1  | Reached skill level 23 in Earth Magic
 55892 | Crypt:1  | Killed a royal mummy
 55934 | Crypt:1  | Killed Khufu
 55949 | Crypt:1  | Identified Dibouss's Almanac of Earthen Execration
 55976 | Crypt:1  | Got a translucent dagger
 55980 | Crypt:1  | Identified the +8 dagger "Ocebbam" {vorpal, Fragile rF+
                  | Str+4 Dex+5} (You found it on level 1 of the Crypt)
 56059 | Crypt:1  | Identified the Volume of Flames
 56068 | Crypt:1  | Noticed a royal mummy
 56077 | Crypt:1  | Killed a royal mummy
 56122 | Crypt:1  | Identified the +9 halberd "Banisher" {flame, +Blink rC+
                  | rN+}
 56131 | Crypt:1  | Noticed a royal mummy
 56131 | Crypt:1  | Identified the ring "Niahixi" {+Fly rF+ rCorr}
 56153 | Crypt:1  | Killed a royal mummy
 56299 | Crypt:2  | Reached skill level 24 in Earth Magic
 57167 | Crypt:2  | Lost mutation: Your system is resistant to poisons. (rPois)
                  | [potion of mutation]
 57167 | Crypt:2  | Lost mutation: Armour fits poorly on your strangely shaped
                  | body. [potion of mutation]
 57167 | Crypt:2  | Lost mutation: You have sharp toenails. [potion of
                  | mutation]
 57167 | Crypt:2  | Gained mutation: Your flesh is cold resistant. (rC+)
                  | [potion of mutation]
 57167 | Crypt:2  | Gained mutation: You are frail. (-10% HP) [potion of
                  | mutation]
 57167 | Crypt:2  | Gained mutation: You are resistant to electric shocks.
                  | (rElec) [potion of mutation]
 57167 | Crypt:2  | Gained mutation: You are partially covered in molten
                  | scales. (AC +2) [potion of mutation]
 57187 | Crypt:3  | Entered Level 3 of the Crypt
 57203 | Crypt:3  | Got a translucent spear
 57204 | Crypt:3  | Identified the +10 spear of Gehenna {vorpal, rElec rF- rC+
                  | Dex+9} (You found it on level 3 of the Crypt)
 57255 | Crypt:3  | Reached skill level 25 in Earth Magic
 57580 | Crypt:3  | Noticed an ancient lich
 57589 | Crypt:3  | Killed an ancient lich
 57590 | Crypt:3  | Reached XP level 26. HP: 187/187 MP: 14/37
 57730 | Crypt:3  | Reached skill level 26 in Earth Magic
 57753 | Crypt:3  | Noticed an ancient lich
 57976 | Crypt:3  | Killed an ancient lich
 57992 | Crypt:3  | Identified Uxosaul's Volume of the Flamy Glacier
 57995 | Crypt:3  | Got a crude iron ring
 57999 | Crypt:3  | Got a transparent jade ring
 58002 | Crypt:3  | Identified the ring of the Worm {rN+ Int+2} (You found it
                  | on level 3 of the Crypt)
 58005 | Crypt:3  | Identified the ring "Mirgh" {rN+ Int+5} (You found it on
                  | level 3 of the Crypt)
 58009 | Crypt:3  | Got a smoking amber ring
 58011 | Crypt:3  | Identified the ring "Ucriyl" {rC++ rN+ MP-9 Int+4} (You
                  | found it on level 3 of the Crypt)
 58016 | Crypt:3  | Got a translucent dagger
 58019 | Crypt:3  | Identified the +4 dagger of Kify {freeze, Str+4} (You found
                  | it on level 3 of the Crypt)
 58046 | Crypt:3  | Got a blackened hand crossbow
 58047 | Crypt:3  | Identified the +7 hand crossbow "Onakeet" {elec, *Slow
                  | +Blink rElec rN+} (You found it on level 3 of the Crypt)
 58050 | Crypt:3  | Got a twisted flail
 58051 | Crypt:3  | Identified the +8 flail of Empirhee {pain, rF+ rC+ Str+3
                  | Int+2} (You found it on level 3 of the Crypt)
 58421 | Crypt:3  | Found a staircase to the Tomb.
 58736 | Tomb:1   | Entered Level 1 of the Tomb of the Ancients
 59214 | Tomb:1   | Noticed a royal mummy
 59223 | Tomb:1   | Killed a royal mummy
 59224 | Tomb:1   | Reached skill level 27 in Earth Magic
 59346 | Tomb:1   | Noticed a royal mummy
 59356 | Tomb:1   | Killed a royal mummy
 59491 | Tomb:1   | Noticed a royal mummy
 59497 | Tomb:1   | Killed a royal mummy
 59498 | Tomb:1   | Reached XP level 27. HP: 176/193 MP: 15/39
 59520 | Tomb:1   | Noticed a royal mummy
 59530 | Tomb:1   | Killed a royal mummy
 59963 | Tomb:1   | Acquired a +2 pair of boots of stealth
 59979 | Tomb:1   | Acquired 1232 gold pieces
 60014 | Tomb:1   | Learned a level 9 spell: Tornado
 60231 | Vaults:5 | Entered Level 5 of the Vaults
 60246 | Vaults:4 | Reached skill level 1 in Air Magic
 60589 | Vaults:4 | Learned a level 3 spell: Vampiric Draining
 60977 | Vaults:5 | Reached skill level 5 in Air Magic
 60979 | Vaults:5 | Shot with a bolt by a yaktaur captain

Illustrated notes

Levels and vault maps discovered:
D:1:      lemuel_arrival_rhombus, layout_basic
D:2:      layout_basic, gammafunk_temple_overflow_statue
D:3:      minmay_spotlight, layout_loops_ring,
          nicolae_overflow_quartered_altars, chequers_ecumenical_altar_grove,
          elyvilon_altar_5, uniq_robin, uniq_jessica, uniq_ijyb
D:4:      layout_basic, minmay_misc_feat_roman, kennysheep_windowed_goal
D:5:      cheibrodos_quashed, layout_basic,
          grunt_temple_overflow_forces_of_nature, minmay_temple_entry_slanted,
          cheibrodos_sewer_entry_bend
D:6:      layout_rooms, grunt_ministairs_9
D:7:      layout_layer_cave, lemuel_blue_sif_altar, uniq_joseph, uniq_harold
D:8:      layout_basic, kennysheep_mini, lair_entry_dummy,
          gammafunk_ghost_berserking_beasts
D:9:      layout_roguey [special_room_bee], kennysheep_little_box,
          okawaru_humans
D:10:     layout_cave_pools
D:11:     layout_basic, david_orc_2, serial_shops, shop, portal_ice_cave_rime,
          minmay_fractal_squares_diagonal_5, uniq_grum
D:12:     layout_cross, serial_shops, shop, uniq_frances
D:13:     layout_basic, david_vaults_2
D:14:     cheibrodos_monumental, layout_loops_corners, serial_ice, serial_ice_c,
          serial_ice_j, serial_ice_b, serial_ice_m, serial_ice_e, serial_ice_a,
          serial_ice_n, serial_ice_f, serial_ice_g, serial_ice_h,
          roderic_malta_cross, uniq_azrael, uniq_nessos, uniq_jorgrun,
          uniq_josephine
D:15:     grunt_enter_depths_magical_seal, layout_basic, nrook_mini_backslash,
          minmay_door_square
Temple:   eino_wide_crystal_templ
Lair:1:   layout_gridlike, uniq_sonja
Lair:2:   layout_cave_pods, minmay_shoals_entry_hut, dummy_snake_entry,
          gammafunk_ghost_arena, worms_lemuel, uniq_fannar
Lair:3:   minmay_guarded_unrand_snakebite, layout_regular_city,
          nicolae_volcano_entry_two_sided, serial_forest,
          infiniplex_forest_lined_room_3, infiniplex_forest_straight_3,
          infiniplex_forest_lined_room_, infiniplex_forest_clump_cross,
          infiniplex_forest_lined_corner, infiniplex_forest_straight_4,
          grunt_megastairs_4, serial_bayou_shore_b
Lair:4:   layout_loops_ring, gauntlet_entry_generic
Lair:5:   layout_gridlike, nicolae_slime_entry_slimehenge, minivault_23,
          minmay_lair_oklob_chamber, serial_bayou_shore_a
Lair:6:   gammafunk_lair_ancient_temple, layout_gridlike,
          gammafunk_lair_bear_cave
Shoals:1: layout_shoals
Shoals:2: layout_shoals
Shoals:3: layout_shoals, centaur_isle
Shoals:4: shoals_end_grunt_ice, layout_shoals
Snake:1:  layout_rooms, basic_altar, grunt_megastairs_3, minmay_shop_star,
          uniq_aizul, uniq_rupert
Snake:2:  onia_ninara_swampy_vault, layout_misc_corridors, gammafunk_ghost_split
Snake:3:  layout_cave_pods, gammafunk_ghost_split, grunt_megastairs_5
Snake:4:  minmay_snake_end_coiled, layout_cave_town
Orc:1:    layout_diamond_mine, special_room [special_room_orc]
Orc:2:    st_orc_ogre_mass, layout_caves
Elf:1:    layout_geoelf_diagonals, serial_shops, nicolae_shop_window_shopping,
          hangedman_elven_crosses_minicolossus, uniq_donald
Elf:2:    layout_onion_city, uniq_nikola
Elf:3:    elf_hall_gauntlet_wide, layout_geoelf_castle, serial_glass,
          glass_columns_b, glass_columns_a, glass_columns_b, glass_columns_a,
          glass_columns_b, glass_columns_a, minmay_fountain_box
Vaults:1: vaults_standard_mumra_enter_the_diamond, vaults_room_large_hall,
          nicolae_vaults_little_squares_1, hangedman_vaults_stretched_pinwheel,
          vaults_mumra_hex, ontoclasm_vaults_loading_screen,
          layout_vaults_omnigrid
Vaults:2: ontoclasm_vaults_eye, nicolae_vaults_network_s, ontoclasm_vaults_spin,
          grunt_vaults_hallway_short, vaults_room_grid, vaults_room_semicircle,
          hangedman_vaults_pinch, ontoclasm_vaults_twist, vaults_dpeg_ring,
          ontoclasm_vaults_ring_large, vaults_room_fours,
          layout_vaults_big_room, serial_shops, nicolae_shop_stone, shop
Vaults:3: grunt_vaults_funnel, ontoclasm_vaults_claustrophobia, st_star,
          v_misc_29, minmay_crypt_entry_simple_box,
          nicolae_vaults_ring_of_whatevers, hangedman_vaults_slither,
          nicolae_vaults_network_quinsquares
          [nicolae_vaults_network_quincunx_subvault,
          nicolae_vaults_network_quincunx_subvault,
          nicolae_vaults_network_quincunx_subvault,
          nicolae_vaults_network_quincunx_subvault], vaults_room_corners,
          ontoclasm_vaults_loading_screen, nicolae_vaults_little_ls,
          grunt_vaults_hallway_short, vaults_room_semicircle,
          layout_vaults_omnicross, serial_shops, shop, uniq_saint_roka
Vaults:4: vaults_room_stairs_pillars, vaults_dpeg_encased_lava,
          ontoclasm_vaults_idyll, ontoclasm_vaults_misaligned, v_misc_19,
          grunt_vaults_twisty, hangedman_vaults_restitches, st_cross,
          hangedman_vaults_cutoff, vaults_room_octagon, hangedman_vaults_trim,
          layout_vaults_maze_bifur, uniq_margery, uniq_frederick
Vaults:5
Crypt:1:  ragdoll_tomb_raider, layout_gridlike, minmay_strange_pillars,
          st_burial_chamber, uniq_mara, uniq_bai_suzhen
Crypt:2:  layout_chaotic_city, minivault_26
Crypt:3:  david_glass_crypt, layout_misc_corridors,
          nicolae_tomb_entry_rubble_hallway, minivault_27
Tomb:1

Skill      XL: |  1  2  3  4  5  6  7  8  9 10 11 12 13 14 15 16 17 18 19 20 21 22 23 24 25 26 27 |
---------------+----------------------------------------------------------------------------------+-----
Conjurations   | 4 5 6 |  6.0
Fighting       | 2 3 5 6 7 10 15 17 | 17.2
Armour         | 2 3 5 6 7 10 12 | 12.0
Spellcasting   | 3 5 7 8 10 12 13 | 13.0
Shields        | 1 3 8 15 | 15.0
Dodging        | 3 5 7 9 |  9.0
Ice Magic      | 5 6 |  6.0
Necromancy     | 4 7 9 10 12 14 16 17 19 | 19.0
Earth Magic    | 9 12 13 16 18 19 22 25 27 | 27.0
Transmutations | 1 8 12 14 16 18 19 | 19.0
Polearms       | 4 |  4.0
Air Magic      | 5 |  5.7
Stealth        | |  2.4

Action                   |  1- 3 |  4- 6 |  7- 9 | 10-12 | 13-15 | 16-18 | 19-21 | 22-24 | 25-27 || total
-------------------------+-------+-------+-------+-------+-------+-------+-------+-------+-------++-------
Melee: Unarmed           |     7 |       |       |       |       |       |       |       |       ||     7
       Short sword       |     5 |    28 |       |       |       |       |       |       |       ||    33
       Lajatang          |       |       |     1 |       |       |       |       |       |       ||     1
       Rapier            |       |       |    43 |    31 |       |       |       |       |       ||    74
       Flail             |       |       |       |    21 |       |       |       |       |       ||    21
       Long sword        |       |       |       |   102 |    18 |     7 |       |       |       ||   127
       Falchion          |       |       |       |    15 |       |       |       |       |       ||    15
       Whip              |       |       |       |       |   300 |   615 |   223 |    31 |    33 ||  1202
       Kick              |       |       |       |       |       |       |     6 |       |       ||     6
       Demon trident     |       |       |       |       |       |       |   292 |   332 |       ||   624
       Spear             |       |       |       |       |       |       |       |       |    53 ||    53
       Arbalest          |       |       |       |       |       |       |       |       |     1 ||     1
 Fire: Hunting sling     |       |     3 |    20 |    57 |    78 |       |       |       |       ||   158
       Longbow           |       |       |       |       |       |       |       |   227 |       ||   227
       Arbalest          |       |       |       |       |       |       |       |    72 |   395 ||   467
Throw: Stone             |       |       |       |     1 |       |       |       |       |       ||     1
       Boomerang         |       |       |       |       |    64 |       |       |       |       ||    64
 Cast: Magic Dart        |    43 |    58 |    34 |    11 |     2 |       |       |       |       ||   148
       Searing Ray       |     6 |    34 |    73 |   116 |    27 |     1 |       |       |       ||   257
       Ozocubu's Armour  |       |       |     1 |       |    27 |    53 |    65 |    41 |    21 ||   208
       Vampiric Draining |       |       |       |    11 |     7 |     8 |    15 |       |     5 ||    46
       Borgnjor's Vile C |       |       |       |    57 |   220 |   327 |   404 |   315 |   221 ||  1544
       Dispel Undead     |       |       |       |     6 |     9 |     9 |     5 |     8 |    43 ||    80
       Sublimation of Bl |       |       |       |     6 |    60 |    73 |   104 |    90 |    29 ||   362
       Statue Form       |       |       |       |       |       |       |     2 |       |       ||     2
       Necromutation     |       |       |       |       |       |       |       |    12 |    44 ||    56
Invok: Receive Necronomi |       |       |       |       |     1 |       |       |       |       ||     1
       Renounce Religion |       |       |       |       |     1 |       |       |       |       ||     1
       Call Merchant     |       |       |       |       |       |     4 |       |       |     6 ||    10
 Abil: Dig               |     2 |    42 |    35 |    58 |    78 |    84 |    30 |     8 |    16 ||   353
       End Transformatio |       |       |       |       |       |       |       |     3 |    16 ||    19
Evoke: Lightning rod     |       |       |       |     2 |     8 |       |     2 |       |       ||    12
       Wand              |       |       |       |       |     1 |       |       |       |       ||     1
  Use: Scroll            |       |     5 |     4 |     6 |    12 |    17 |    15 |     8 |     2 ||    69
       Potion            |       |     2 |       |       |       |     2 |    10 |       |     1 ||    15
 Stab: Sleeping          |       |       |     1 |     4 |       |     1 |       |     1 |       ||     7
       Distracted        |       |       |       |       |       |     3 |     8 |     7 |       ||    18
Armor: Robe              |       |     9 |       |       |       |       |       |       |       ||     9
       Leather armour    |       |       |    15 |    93 |     8 |       |       |       |       ||   116
       Troll leather arm |       |       |       |       |    93 |   214 |    99 |    67 |   208 ||   681
       Skin              |       |       |       |       |       |       |    18 |       |       ||    18
Dodge: Dodged            |     8 |    48 |    49 |   262 |   275 |   488 |   237 |   172 |   354 ||  1893
Block: Other             |       |     9 |       |       |       |       |       |       |       ||     9
       Buckler           |       |       |    58 |   251 |   261 |   152 |       |       |       ||   722
       Reflection        |       |       |     7 |    15 |    33 |     5 |    88 |    26 |       ||   174
       Tower shield      |       |       |       |       |       |   469 |  1054 |   594 |   951 ||  3068
       Rpst.: Falchion   |       |       |       |    12 |       |       |       |       |       ||    12
       Long sword        |       |       |       |    30 |     2 |     4 |       |       |       ||    36
